Map: Void Launch

Players

MattBarry

  • Race: Protoss Protoss
  • League: Gold
  • Spawn Location: 6:00

MattBarry

  • Race: Zerg Zerg

VOD

Have the link to the VOD?

Description

Time

  • Played on: Jan. 18, 2023, 6 p.m.
  • Length: 25:46
Show
View Real Time Build Order
Export as new Build Order

MattBarry Protoss 

Build Orders:  

Get SALT Encoding   

  12  0:02  Probe (Chrono Boost)  
  13  0:16  Probe (Chrono Boost)  
  14  0:27  Dark Pylon  
  14  0:29  Probe (Chrono Boost)  
  15  0:39  Gateway  
  15  0:42  Probe (Chrono Boost)  
  16  0:52  Assimilator  
  16  0:56  Probe (Chrono Boost)  
  17  1:10  Probe (Chrono Boost)  
  18  1:21  Gateway  
  18  1:24  Probe (Chrono Boost)  
  19  1:38  Probe (Chrono Boost)  
  20  1:44  Cybernetics Core  
  20  1:54  Pylon  
  20  1:55  Probe (Chrono Boost)  
  21  2:05  Centurion  
  23  2:20  Assimilator  
  23  2:26  Warp Gate  
  23  2:44  Stalker x2  
  27  2:52  Pylon  
  27  3:01  Forge  
  27  3:21  Protoss Ground Weapons Level 1  
  27  3:38  Stalker x2  
  31  3:43  Gateway  
  31  3:47  Gateway  
  29  4:14  Dark Pylon  
  29  4:21  Stalker x2  
  33  4:31  Twilight Council  
  33  4:55  Probe (Chrono Boost)  
  34  5:04  Stalker  
  34  5:05  Stalker x2  
  40  6:08  Protoss Ground Weapons Level 2  
  40  6:11  Stalker x3  
  40  6:17  Nexus  
  40  6:19  Pylon, Dark Pylon  
  46  6:25  Centurion  
  48  6:34  Blink  
  48  7:01  Photon Cannon  
  48  7:10  Assimilator  
  48  7:18  Stalker  
  50  7:30  Pylon  
  50  7:35  Stalker  
  46  8:20  Stalker x4  
  52  9:07  Protoss Ground Armor Level 1  
  52  9:16  Probe (Chrono Boost)  
  54  9:20  Probe (Chrono Boost)  
  54  9:23  Assimilator  
  54  9:26  Stalker x4  
  62  9:30  Probe (Chrono Boost)  
  62  9:34  Phase Reactor  
  62  9:37  Probe (Chrono Boost)  
  54  10:39  Stalker  
  56  10:40  Stalker x3  
  58  11:00  Dark Pylon  
  58  11:21  Stalker  
  58  11:22  Stalker x3  
  58  11:24  Protoss Ground Weapons Level 3  
  66  11:36  Gateway  
  66  11:38  Gateway  
  52  11:40  Gateway  
  52  11:42  Pylon  
  52  12:05  Dark Shrine  
  52  12:18  Probe (Chrono Boost)  
  54  12:20  Probe (Chrono Boost)  
  54  12:26  Forge  
  54  12:32  Forge  
  54  12:35  Probe (Chrono Boost)  
  54  12:37  Probe (Chrono Boost)  
  56  12:44  Protoss Ground Armor Level 2  
  56  12:47  Stalker  
  56  12:48  Stalker x2  
  63  12:50  Stalker  
  63  12:52  Probe (Chrono Boost)  
  63  12:53  Probe (Chrono Boost)  
  66  13:05  Dark Pylon  
  66  13:10  Shadow Fury  
  66  13:28  Stalker x2  
  70  13:31  Stalker  
  70  13:37  Stalker  
  74  13:54  Probe x2 (Chrono Boost)  
  76  14:00  Photon Cannon  
  76  14:03  Stalker  
  80  14:11  Probe x2 (Chrono Boost)  
  80  14:47  Protoss Shields Level 1  
  80  14:53  Stalker x5  
  80  14:54  Stalker x2  
  94  15:06  Pylon  
  94  15:07  Pylon  
  94  15:09  Pylon  
  94  15:17  Dark Templar Blink  
  94  15:32  Stalker  
  94  15:33  Stalker x2  
  98  16:18  Dark Pylon  
  98  16:22  Stalker x5  
  98  16:23  Stalker x2  
  110  17:19  Dark Pylon  
  110  17:21  Protoss Ground Armor Level 3  
  110  17:31  Protoss Shields Level 2  
  110  17:49  Stalker x3  
  116  17:50  Stalker x4  
  124  18:06  Pylon  
  124  18:08  Pylon  
  124  18:10  Pylon  
  124  18:15  Argus Crystal  
  124  18:30  Stalker  
  124  18:31  Stalker x5  
  124  18:32  Stalker  
  138  19:15  Mind Control  
  108  19:59  Stalker x3  
  112  20:00  Stalker x4  
  118  20:17  Gateway  
  118  20:19  Gateway  
  118  20:20  Pylon  
  118  20:21  Pylon  
  118  20:22  Gateway  
  118  20:23  Gateway  
  118  20:32  Dark Pylon  
  118  21:56  Dark Pylon  
  118  22:00  Stalker x5  
  118  22:01  Stalker x4  
  118  22:02  Stalker x2  
  122  22:43  Stalker  
  122  22:44  Stalker x5  
  122  22:45  Stalker x4  
  122  22:46  Stalker  
  138  23:30  Dark Pylon  
  138  23:34  Stalker x2  
  138  23:35  Stalker x3  
  138  23:36  Stalker  
  138  23:37  Stalker x4  
  138  23:38  Stalker  
  150  24:55  Stalker x2  
  150  24:56  Stalker x5  
  150  24:57  Stalker x4  
Show
View Real Time Build Order
Export as new Build Order

MattBarry Zerg 

Build Orders:  

Get SALT Encoding   

  18  0:04  Primal Drone  
  19  0:12  Primal Drone  
  19  0:19  Primal Drone  
  21  0:25  Primal Drone  
  22  0:33  Primal Drone  
  23  0:51  Primal Drone  
  24  1:05  Primal Drone  
  25  1:19  Extractor  
  25  1:27  Primal Warden  
  26  2:04  Primal Drone  
  26  2:05  Primal Drone  
  26  2:06  Primal Drone  
  29  2:19  Primal Drone  
  30  2:36  Primal Drone, Primal Warden  
  32  2:54  Primal Drone  
  32  2:57  Primal Drone  
  34  3:16  Glevig's Den  
  34  3:18  Primal Drone  
  34  3:32  Primal Drone  
  35  3:47  Primal Zergling x3  
  35  3:48  Primal Zergling x2  
  40  4:07  Ravasaur x2  
  40  4:13  Primal Zergling  
  41  4:27  Extractor  
  41  4:44  Primal Drone x2  
  41  4:45  Primal Drone x2  
  41  4:47  Primal Attacks Level 1  
  45  5:24  Murvar's Den  
  49  5:44  Primal Hive  
  49  5:57  Primal Hydralisk x3  
  55  6:43  Primal Drone x4  
  55  6:44  Primal Drone  
  60  6:59  Primal Warden  
  61  7:05  Primal Warden  
  62  7:32  Primal Drone x2  
  64  7:47  Primal Hydralisk x3  
  64  7:48  Primal Hydralisk x4  
  64  7:49  Primal Hydralisk  
  80  8:49  Primal Swarm Host x3  
  89  9:06  Primal Drone x3  
  89  9:07  Primal Drone x6  
  89  9:08  Primal Drone  
  99  9:10  Extractor  
  99  9:18  Primal Wurm  
  100  9:35  Primal Swarm Host x2  
  100  9:36  Primal Swarm Host  
  97  10:10  Aerial Burst Sacs  
  81  11:10  Primal Swarm Host x3  
  80  11:57  Primal Swarm Host  
  80  11:58  Primal Swarm Host  
  86  12:05  Extractor  
  86  12:21  Primal Drone x3  
  86  12:23  Primal Drone x4  
  86  12:24  Primal Drone x2  
  86  12:25  Primal Drone  
  96  12:31  Primal Carapace Level 1  
  96  12:43  Primal Swarm Host x2  
  102  13:11  Primal Zergling  
  102  13:12  Primal Zergling x16  
  102  13:13  Primal Zergling x2  
  121  13:34  Ravasaur x4  
  121  13:35  Ravasaur x4  
  121  13:36  Ravasaur  
  121  13:41  Enlarged Parotid Glands  
  121  13:54  Primal Zergling x3  
  121  13:55  Primal Zergling x4  
  121  13:56  Primal Zergling x2  
  124  14:41  Dissolving Acid  
  119  14:51  Primal Drone x3  
  119  14:52  Primal Drone x5  
  119  14:53  Primal Drone x2  
  124  15:14  Primal Swarm Host x4  
  124  15:15  Primal Swarm Host x5  
  124  15:16  Primal Swarm Host x4  
  163  16:22  Primal Swarm Host x3  
  163  16:23  Primal Swarm Host x4  
  163  16:26  Primal Zergling  
  163  16:27  Primal Zergling x9  
  163  16:28  Primal Zergling  
  195  16:37  Primal Warden  
  197  16:43  Primal Warden  
  183  18:59  Primal Swarm Host x3  
  192  19:00  Primal Swarm Host x2  
  198  19:16  Ravasaur x2  
  198  19:17  Ravasaur x4  
  198  19:19  Ravasaur  
  183  20:24  Primal Warden  
  183  20:37  Dakrun's Den  
  133  23:32  Primal Ultralisk x4  
  133  23:33  Primal Ultralisk x2  
  133  23:35  Primal Ultralisk x5  
Tags
 
Commander
DehakaVorazun
League
Gold
Matchup
Co-op
Replay Pack
Multiplayer
Add a new tag
Caveats
  • Supply blocks, unpowered buildings, or Contaminate may cause inaccurate times.
  • Supply counts are checked every 10 seconds.